 Dungeon Crawl Stone Soup version 0.22-a0-571-g4a923d4 (webtiles) character file.

450 gmonis the Basher (level 6, -1/58 HPs)
             Began as a Minotaur Berserker on July 1, 2018.
             Was a Priest of Trog.
             Slain by a river rat (8 damage)
             ... summoned by Eustachio
             ... on level 4 of the Dungeon.
             The game lasted 00:09:20 (3263 turns).

gmonis the Basher (Minotaur Berserker)              Turns: 3263, Time: 00:09:21

Health: -1/58      AC:  5    Str: 22    XL:     6   Next: 74%
Magic:  5/5        EV: 14    Int:  4    God:    Trog [***...]
Gold:   176        SH:  5    Dex: 11    Spells: 5/5 levels left

rFire    . . .     SeeInvis .   a - +0 mace
rCold    . . .     Gourm    .   k - +0 buckler
rNeg     . . .     Faith    .   b - +0 animal skin
rPois    .         Spirit   .   (helmet restricted)
rElec    .         Reflect  .   o - +0 cloak
rCorr    .         Harm     .   w - +0 pair of gloves
MR       .....                  (no boots)
Stlth    +.........             l - amulet of rage
HPRegen  0.19/turn              (no ring)
MPRegen  0.09/turn              (no ring)

@: berserk cooldown, starving, slowed, very slow
A: retaliatory headbutt, horns 2
a: Berserk, Trog's Hand, Renounce Religion, Evoke Berserk Rage


You were on level 4 of the Dungeon.
You worshipped Trog.
Trog was most pleased with you.
You were starving.

You visited 1 branch of the dungeon, and saw 4 of its levels.

You collected 176 gold pieces.

Inventory:

Hand Weapons
 a - a +0 mace (weapon)
Missiles
 f - 111 stones (quivered)
Armour
 b - a +0 animal skin (worn)
 k - a +0 buckler (worn)
 o - a +0 cloak (worn)
 w - a +0 pair of gloves (worn)
Jewellery
 l - an amulet of rage (around neck)
 r - an uncursed amulet of faith {unknown}
Scrolls
 d - 5 scrolls of identify
 e - 2 scrolls of remove curse {unknown}
 g - a scroll of magic mapping {unknown}
 h - a scroll of fog {unknown}
 i - 3 scrolls of blinking
 m - 2 scrolls of amnesia {unknown}
 p - a scroll of noise {unknown}
 q - 2 scrolls of enchant armour {unknown}
 s - a scroll of enchant weapon {unknown}
 t - a scroll of teleportation {unknown}
Potions
 j - 2 potions of curing
 u - a potion of berserk rage {unknown}
 v - a potion of lignification {unknown}
Comestibles
 c - 4 rations


   Skills:
 - Level 6.8 Fighting
 * Level 10.7 Maces & Flails
 + Level 6.8 Armour
 - Level 5.5 Dodging
 + Level 5.9 Shields


You had 5 spell levels left.
You didn't know any spells.
Your spell library was empty.

Dungeon Overview and Level Annotations

Branches:
Dungeon (4/15)
 Temple: D:4-7

Altars:
Ashenzari
Uskayaw
Xom
The Shining One

Annotations:
D:4 Eustachio


Innate Abilities, Weirdness & Mutations

You reflexively headbutt those who attack you in melee.
You have a pair of horns on your head.


Message History

You headbutt Eustachio, but do no damage.
The river rat bites you but does no damage.
You hit Eustachio but do no damage. Your headbutt misses Eustachio.
Eustachio is heavily wounded.
The bat barely misses you.
Eustachio mumbles some strange words.
Eustachio blinks!
The river rat closely misses you. You furiously retaliate!
You headbutt the river rat, but do no damage.
You closely miss the rat. You headbutt the rat, but do no damage.
The rat closely misses you. The river rat bites you!
* * * LOW HITPOINT WARNING * * *
The bat hits you.
* * * LOW HITPOINT WARNING * * *
As you read the scroll labeled CYACLA IKLEYD, it crumbles to dust.
It is a scroll of identify.
i - 3 scrolls of blinking The bat hits you.
* * * LOW HITPOINT WARNING * * *
The river rat bites you!
You die...

.#.##...# # .. .....###
.##.# ...... ...# .....
##.###.#..# #
#b>..b.#..#
#.#@##.###..#######..
#..rr@....)..........
#......##.###.####.#####
#.#######.# ### .. #.##
## #..# ##.# #.# #.# #o#


You could see Eustachio, a river rat, a bat and a rat.

Vanquished Creatures
  A centaur skeleton (D:4)
  9 gnolls
  4 adders
  2 leopard geckos
  An orc (D:4)
  A ball python (D:2)
  7 giant cockroaches
  10 goblins
  10 hobgoblins
  6 jackals
  4 kobolds
  A quokka (D:3)
  7 bats
  2 frilled lizards (D:2)
  15 rats
80 creatures vanquished.

Notes
Turn   | Place    | Note
-------+----------+-------------------------------------------
     0 | D:1      | gmonis the Minotaur Berserker began the quest for the Orb.
     0 | D:1      | Reached XP level 1. HP: 19/19 MP: 0/0
   185 | D:1      | Reached skill level 4 in Maces & Flails
   201 | D:1      | Reached XP level 2. HP: 20/26 MP: 1/1
   870 | D:1      | Reached skill level 5 in Maces & Flails
   983 | D:1      | Reached XP level 3. HP: 31/31 MP: 2/2
   995 | D:1      | Reached ** piety under Trog
  1896 | D:2      | Reached skill level 6 in Maces & Flails
  1896 | D:2      | Reached XP level 4. HP: 32/39 MP: 3/3
  2321 | D:2      | Found a hazy altar of Hepliaklqana.
  2323 | D:2      | Found a shattered altar of Ashenzari.
  2323 | D:2      | Found a shimmering altar of Xom.
  2325 | D:2      | Found a sacrificial altar of Ru.
  2325 | D:2      | Found a shimmering altar of Xom.
  2325 | D:2      | Found a bloodstained altar of Trog.
  2417 | D:3      | Reached skill level 1 in Shields
  2418 | D:3      | Found a glowing golden altar of the Shining One.
  2435 | D:2      | Reached *** piety under Trog
  2435 | D:2      | Reached XP level 5. HP: 33/45 MP: 4/4
  3203 | D:4      | Noticed a phantom
  3205 | D:4      | Noticed Eustachio
  3206 | D:4      | Found a hide-covered altar of Uskayaw.
  3235 | D:4      | Reached skill level 7 in Maces & Flails
  3256 | D:4      | HP: 2/45 [river rat[Eustachio] (3)]
  3259 | D:4      | Reached skill level 10 in Maces & Flails
  3259 | D:4      | Reached skill level 5 in Dodging
  3259 | D:4      | Reached skill level 5 in Shields
  3259 | D:4      | Reached XP level 6. HP: 15/58 MP: 5/5
  3263 | D:4      | Slain by a river rat

Vault maps used:
D:1:      scummos_arrival_checkerplants, minmay_rat_gold_closets
D:2:      doesnt_xom_only_xom, serial_forest, infiniplex_forest_clump_small,
          infiniplex_forest_clump_tiny, infiniplex_forest_straight_2,
          infiniplex_forest_lined_room_2, infiniplex_forest_clump_diagonal,
          infiniplex_forest_end_3
D:3:      lemuel_crystal_altar, first_ration
D:4:      old_standard_altar, minmay_temple_entry_purple_smoke, serial_shops,
          shop, portal_sewer_entry_e, uniq_blork_the_orc, uniq_duvessa,
          uniq_eustachio

Skill      XL: |  1  2  3  4  5 |
---------------+----------------+-----
Maces & Flails | 4 5 6 10 | 10.7
Shields        | 1 5 |  5.9
Armour         | 3 6 |  6.8
Fighting       | 6 |  6.8
Dodging        | 5 |  5.5

Action                   |  1- 3 |  4- 6 || total
-------------------------+-------+-------++-------
Melee: Mace              |    92 |    76 ||   168
       Headbutt          |    10 |    14 ||    24
Invok: Berserk           |       |     2 ||     2
  Use: Potion            |       |     2 ||     2
       Scroll            |       |     1 ||     1
  Eat: Chunk             |     3 |     4 ||     7
Armor: Animal skin       |    19 |    14 ||    33
Dodge: Dodged            |    59 |    56 ||   115
Block: Buckler           |       |    15 ||    15

Table legend:
 A = Spawn XP
 B = Non-spawn XP
 C = Spawn XP percentage of total XP
 D = Spawn monster count
 E = Non-spawn monster count
 F = Spawn count percentage of total count
 G = Total turns spent on level
                    A         B        C        D         E        F      G
               +---------+---------+-------+---------+---------+-------+---------
         Total |       0 |     334 |   0.0 |       0 |      80 |   0.0 |  3263
               +---------+---------+-------+---------+---------+-------+---------
           D:1 |       0 |      73 |   0.0 |       0 |      38 |   0.0 |  1605
           D:2 |       0 |      68 |   0.0 |       0 |      18 |   0.0 |   852
           D:3 |       0 |     137 |   0.0 |       0 |      21 |   0.0 |   720
           D:4 |       0 |      56 |   0.0 |       0 |       3 |   0.0 |    86
               +---------+---------+-------+---------+---------+-------+---------
